Map: Redshift LE

Players

Has

  • Race: Protoss Protoss
  • Spawn Location: 11:00

Serral - Winner!

  • Race: Zerg Zerg
  • Spawn Location: 7:00

Event: WCS Valencia 2018

VOD

Have the link to the VOD?

Description

Time

  • Played on: July 14, 2018, 1:26 p.m.
  • Length: 9:53

All games in this series

Show
View Real Time Build Order
Export as new Build Order

Has Protoss 

Build Orders: Oracle Opening, Chargelot Immortal 

Get SALT Encoding   

  12  0:00  Probe  
  13  0:12  Probe  
  14  0:18  Pylon  
  14  0:23  Probe  
  15  0:32  Probe  
  15  0:40  Gateway  
  15  0:41  Probe  
  17  0:50  Assimilator  
  17  0:52  Probe  
  18  1:01  Probe  
  18  1:09  Forge, Probe  
  20  1:20  Probe  
  21  1:26  Pylon  
  21  1:31  Cybernetics Core  
  22  1:44  Photon Cannon  
  21  1:48  Photon Cannon  
  21  1:51  Probe  
  22  1:56  Assimilator  
  22  2:17  Nexus  
  22  2:26  Stargate  
  22  2:28  Adept, Probe  
  23  2:39  Warp Gate  
  23  2:42  Probe  
  26  2:55  Probe  
  26  2:58  Adept  
  28  3:03  Oracle  
  31  3:28  Probe x2  
  31  3:30  Void Ray  
  31  3:31  Pylon  
  33  3:40  Probe  
  36  3:43  Probe  
  37  3:49  Shield Battery  
  37  3:52  Probe  
  37  3:55  Probe  
  39  4:04  Probe  
  39  4:07  Probe  
  39  4:08  Robotics Facility  
  41  4:13  Twilight Council  
  41  4:17  Probe  
  43  4:25  Gateway  
  43  4:26  Gateway  
  43  4:28  Gateway, Probe  
  43  4:31  Probe, Charge  
  44  4:38  Pylon  
  44  4:40  Probe  
  45  4:45  Probe  
  45  4:50  Protoss Ground Weapons Level 1  
  46  4:58  Gateway x2  
  46  4:59  Gateway  
  46  5:03  Gateway  
  46  5:07  Warp Prism  
  46  5:08  Gateway  
  48  5:25  Pylon  
  48  5:29  Zealot  
  48  5:30  Zealot x3  
  48  5:35  Pylon  
  56  5:40  Pylon  
  56  6:03  Zealot x6  
  68  6:05  Immortal  
  68  6:09  Pylon  
  72  6:25  Zealot x7  
  72  6:26  Zealot  
  72  6:31  Protoss Ground Weapons Level 2  
  86  6:36  Immortal  
  74  6:54  Pylon  
  74  6:56  Sentry x3  
  74  6:58  Zealot x4  
  88  7:05  Immortal  
  88  7:09  Pylon  
  88  7:10  Pylon  
  92  7:23  Pylon  
  92  7:34  Zealot  
  92  7:35  Zealot x4  
  102  7:49  Immortal  
  102  7:50  Pylon  
  106  7:52  Pylon  
  106  8:08  Zealot x9  
  124  8:34  Zealot x5  
  119  9:01  Zealot x7  
  109  9:21  Zealot  
  109  9:22  Zealot x7  
Show
View Real Time Build Order
Export as new Build Order

Serral Zerg - Winner!

Build Orders: Hatch First 

Get SALT Encoding   

  12  0:00  Drone  
  13  0:12  Overlord  
  13  0:16  Drone  
  14  0:30  Drone x2  
  16  0:47  Hatchery  
  15  0:50  Drone  
  15  0:54  Drone  
  17  0:57  Drone  
  18  1:06  Extractor  
  17  1:13  Spawning Pool  
  17  1:17  Drone  
  17  1:19  Drone  
  18  1:27  Drone  
  19  1:38  Drone  
  20  1:48  Hatchery  
  19  2:00  Queen  
  22  2:01  Overlord  
  22  2:04  Extractor, Zergling x2  
  23  2:16  Roach Warren  
  23  2:21  Drone  
  23  2:22  Drone  
  24  2:32  Drone  
  24  2:35  Queen  
  27  2:42  Overlord  
  27  2:57  Roach  
  29  3:01  Hatchery  
  29  3:03  Queen  
  29  3:04  Drone  
  31  3:08  Drone  
  31  3:13  Zergling x2  
  31  3:14  Zergling x2  
  33  3:21  Metabolic Boost  
  33  3:26  Drone x2  
  35  3:31  Spore Crawler  
  35  3:33  Drone x2  
  36  3:40  Drone x2  
  36  3:41  Spore Crawler  
  36  3:45  Overlord  
  36  3:48  Drone  
  37  3:50  Drone  
  37  3:54  Overlord  
  38  3:56  Drone  
  38  3:58  Drone  
  38  4:01  Drone  
  39  4:07  Queen  
  41  4:15  Spore Crawler  
  42  4:17  Queen  
  42  4:20  Drone  
  43  4:26  Drone x2  
  46  4:31  Spore Crawler, Drone x4  
  46  4:36  Drone  
  49  4:38  Spore Crawler  
  49  4:39  Overlord  
  49  4:43  Spore Crawler  
  49  4:45  Drone x3  
  52  4:52  Overlord  
  52  4:56  Queen  
  52  4:58  Overlord  
  52  4:59  Drone x2  
  56  5:02  Drone x2  
  58  5:09  Overlord  
  58  5:15  Drone x2  
  58  5:16  Extractor, Roach x3  
  58  5:20  Roach  
  58  5:21  Roach  
  69  5:27  Roach x2  
  69  5:28  Roach  
  75  5:31  Queen  
  77  5:35  Queen  
  77  5:38  Lair  
  77  5:40  Drone  
  77  5:42  Overlord  
  80  5:46  Overlord  
  80  5:49  Overlord  
  80  5:52  Overlord  
  80  5:54  Roach  
  82  5:57  Extractor  
  82  5:58  Roach x2  
  85  6:04  Roach  
  85  6:05  Roach x2  
  85  6:11  Spine Crawler, Overlord  
  91  6:14  Roach x2  
  93  6:29  Drone x8  
  101  6:38  Drone x4  
  95  6:46  Queen  
  95  6:47  Queen  
  95  6:51  Queen  
  101  6:54  Roach x2  
  103  7:02  Roach x2, Evolution Chamber x2  
  103  7:07  Overlord  
  106  7:09  Glial Reconstitution  
  106  7:11  Roach  
  106  7:12  Roach x3  
  114  7:16  Extractor  
  114  7:19  Evolution Chamber  
  114  7:21  Roach x4  
  120  7:26  Overlord  
  120  7:30  Overlord  
  120  7:32  Roach x2  
  124  7:39  Roach x2  
  128  7:48  Zerg Missile Weapons Level 1  
  128  7:49  Overlord  
  128  7:53  Roach x3  
  128  7:54  Overlord  
  128  7:55  Zergling x8  
  137  8:02  Zergling x10  
  142  8:06  Spine Crawler  
  142  8:07  Ravager x2  
  142  8:09  Overlord  
  143  8:14  Zergling x4, Roach x3  
  152  8:20  Ravager  
  152  8:24  Zergling x10  
  157  8:31  Roach x4  
  165  8:40  Roach x4  
  170  8:51  Zergling x2, Roach x4  
  170  8:54  Overlord x2  
  177  8:59  Overlord  
  172  9:15  Roach x8  
  173  9:23  Roach x2  
  173  9:24  Roach x2  
  164  9:29  Roach  
Tags
 
Add a new tag
Caveats
  • Supply blocks, unpowered buildings, or Contaminate may cause inaccurate times.
  • Supply counts are checked every 10 seconds.